[ AOE2 MATCH · #505691982 ]
UnrankedTupi vs Italians
Player's team · WIN
Rival team · LOSS
[ REPLAY ANALYSIS · EXTRACTED FROM THE RECORDED GAME ]
Feudal
—
Castle
—
Imperial
—
| APM avg | 29.4 |
| APM peak | 99 |
| eAPM avg | 18.1 |
| Villagers / military | 95 / 7 |
Focus
⚔️ 43.0% · 🌾 57.0%
Unknown (2582) ×126 · Unknown (2550) ×64 · Monk ×6 · Scorpion ×1
Feudal
—
Castle
—
Imperial
—
| APM avg | 23.9 |
| APM peak | 49 |
| eAPM avg | 12.4 |
| Villagers / military | 108 / 85 |
Focus
⚔️ 23.9% · 🌾 76.1%
Knight ×44 · Archer ×32 · Genoese Crossbowman ×6 · Monk ×3
Match map
Initial resources + every placement click. Lines = walls · curves = elevation contours. ◆ gold · ⬟ stone · ● berries · ✦ relic · ◌ wall gap
Your base· Open — opponent sealed themselves in
shwajackson's base· Open — unwalled flank
Smoothed initial terrain · ◌ = detected wall gap · hover for details
Inputs per minute
— sultan99 - - shwajackson
Build order — sultan99
First 150 of 308 actions detected
| 0:01 | Queue | Villager (Male) |
| 0:01 | Queue | Villager (Male) |
| 0:05 | Build | House |
| 0:06 | Build | House |
| 0:25 | Queue | Villager (Male) |
| 0:26 | Queue | Villager (Male) |
| 1:18 | Queue | Villager (Male) |
| 1:51 | Build | Settlement |
| 2:01 | Queue | Villager (Male) |
| 2:18 | Queue | Villager (Male) |
| 2:40 | Queue | Villager (Male) |
| 2:53 | Queue | Villager (Male) |
| 3:49 | Queue | Villager (Male) |
| 3:49 | Queue | Villager (Male) |
| 3:49 | Queue | Villager (Male) |
| 4:12 | Queue | Villager (Male) |
| 4:12 | Queue | Villager (Male) |
| 4:13 | Queue | Villager (Male) |
| 4:27 | Queue | Villager (Male) |
| 4:27 | Queue | Villager (Male) |
| 4:46 | Queue | Villager (Male) |
| 5:19 | Queue | Villager (Male) |
| 5:24 | Queue | Villager (Male) |
| 6:00 | Queue | Villager (Male) |
| 6:00 | Queue | Villager (Male) |
| 6:07 | Research | Loom |
| 6:16 | Build | Settlement |
| 6:50 | Research | Feudal Age |
| 7:25 | Build | House |
| 7:28 | Build | House |
| 7:34 | Build | Palisade Wall |
| 7:41 | Build | House |
| 7:44 | Build | House |
| 7:47 | Build | Palisade Wall |
| 7:48 | Build | Palisade Wall |
| 7:50 | Build | Palisade Wall |
| 7:54 | Queue | Villager (Male) |
| 8:18 | Build | Settlement |
| 8:52 | Queue | Villager (Male) |
| 9:25 | Research | Double-Bit Axe |
| 9:25 | Research | Horse Collar |
| 9:40 | Queue | Villager (Male) |
| 9:40 | Queue | Villager (Male) |
| 10:12 | Queue | Villager (Male) |
| 10:13 | Queue | Villager (Male) |
| 10:54 | Queue | Villager (Male) |
| 11:11 | Build | Market |
| 11:15 | Build | Palisade Wall |
| 11:31 | Build | Palisade Wall |
| 11:37 | Build | Palisade Wall |
| 11:40 | Build | Palisade Gate |
| 11:47 | Queue | Villager (Male) |
| 11:47 | Queue | Villager (Male) |
| 12:21 | Queue | Villager (Male) |
| 12:32 | Queue | Villager (Male) |
| 12:34 | Build | Farm |
| 12:34 | Build | Farm |
| 12:34 | Build | Farm |
| 12:35 | Build | Farm |
| 12:35 | Build | Farm |
| 12:35 | Build | Farm |
| 12:36 | Build | Farm |
| 12:36 | Build | Farm |
| 12:36 | Build | Farm |
| 12:36 | Build | Farm |
| 12:37 | Build | Farm |
| 13:11 | Queue | Villager (Male) |
| 13:13 | Queue | Villager (Male) |
| 13:23 | Build | Blacksmith |
| 13:27 | Build | Farm |
| 13:29 | Queue | Villager (Male) |
| 13:42 | Build | Farm |
| 14:03 | Build | Barracks |
| 14:15 | Build | Farm |
| 14:18 | Build | Farm |
| 14:34 | Research | Scale Mail Armor |
| 15:07 | Research | Tech 1402 |
| 15:15 | Build | Barracks |
| 15:26 | Queue | Unit 2550 ×5 |
| 15:26 | Queue | Unit 2550 ×5 |
| 15:49 | Queue | Unit 2550 |
| 15:49 | Queue | Unit 2550 |
| 16:09 | Research | Forging |
| 16:56 | Queue | Unit 2550 ×4 |
| 17:30 | Build | Farm |
| 17:53 | Build | Farm |
| 18:17 | Build | Settlement |
| 18:58 | Queue | Unit 2550 |
| 18:59 | Queue | Unit 2550 |
| 20:13 | Research | Arson |
| 20:32 | Research | Castle Age |
| 21:26 | Build | Barracks |
| 21:30 | Research | Gold Mining |
| 22:14 | Queue | Villager (Male) |
| 22:29 | Research | Stone Mining |
| 22:58 | Build | Settlement |
| 23:15 | Research | Tech 1351 |
| 23:17 | Research | Chain Mail Armor |
| 23:18 | Queue | Unit 2550 ×4 |
| 23:19 | Queue | Unit 2550 ×4 |
| 23:26 | Build | Settlement |
| 23:27 | Queue | Villager (Male) |
| 23:48 | Build | Town Center |
| 23:52 | Build | Settlement |
| 23:54 | Queue | Villager (Male) |
| 24:06 | Build | Monastery |
| 24:11 | Build | Siege Workshop |
| 24:18 | Queue | Unit 2550 |
| 24:19 | Queue | Unit 2550 |
| 24:19 | Queue | Unit 2550 |
| 24:21 | Queue | Villager (Male) |
| 24:33 | Queue | Unit 2582 |
| 24:34 | Queue | Unit 2582 |
| 24:57 | Queue | Unit 2582 ×5 |
| 24:57 | Queue | Unit 2582 |
| 24:57 | Queue | Unit 2582 |
| 25:05 | Queue | Monk |
| 25:21 | Queue | Unit 2582 |
| 25:22 | Queue | Unit 2582 |
| 25:34 | Build | Town Center |
| 25:39 | Research | Squires |
| 26:11 | Queue | Unit 2582 |
| 26:13 | Queue | Villager (Male) |
| 26:16 | Queue | Villager (Male) |
| 26:28 | Queue | Unit 2582 |
| 26:29 | Queue | Unit 2582 |
| 26:34 | Build | Farm |
| 26:37 | Build | Farm |
| 26:39 | Queue | Villager (Male) |
| 27:17 | Queue | Unit 2582 |
| 27:17 | Queue | Unit 2582 ×2 |
| 27:18 | Queue | Unit 2582 |
| 27:29 | Queue | Villager (Male) |
| 27:34 | Queue | Unit 2582 |
| 27:34 | Queue | Unit 2582 |
| 27:36 | Queue | Villager (Male) |
| 27:55 | Queue | Villager (Male) |
| 28:07 | Queue | Unit 2582 |
| 28:07 | Queue | Unit 2582 |
| 28:08 | Queue | Villager (Male) |
| 28:29 | Build | Farm |
| 28:31 | Queue | Villager (Male) |
| 28:31 | Queue | Villager (Male) |
| 28:31 | Queue | Villager (Male) |
| 28:34 | Build | Farm |
| 28:34 | Build | Farm |
| 28:35 | Build | Farm |
| 28:35 | Build | Farm |
| 28:35 | Build | Farm |
| 28:44 | Queue | Unit 2582 ×3 |
Build order — shwajackson
First 150 of 315 actions detected
| 0:01 | Queue | Villager (Male) |
| 0:01 | Queue | Villager (Male) |
| 0:02 | Queue | Villager (Male) |
| 0:02 | Queue | Villager (Male) |
| 0:02 | Queue | Villager (Male) |
| 0:03 | Build | House |
| 0:05 | Build | House |
| 1:37 | Queue | Villager (Male) |
| 1:47 | Build | Lumber Camp |
| 2:03 | Queue | Villager (Male) |
| 2:25 | Queue | Villager (Male) |
| 2:55 | Queue | Villager (Male) |
| 2:55 | Queue | Villager (Male) |
| 3:47 | Queue | Villager (Male) |
| 3:54 | Build | House |
| 4:02 | Queue | Villager (Male) |
| 4:02 | Queue | Villager (Male) |
| 4:39 | Build | Mill |
| 5:08 | Queue | Villager (Male) |
| 5:08 | Queue | Villager (Male) |
| 5:34 | Queue | Villager (Male) |
| 5:38 | Queue | Villager (Male) |
| 6:27 | Research | Loom |
| 7:08 | Research | Feudal Age |
| 8:05 | Queue | Villager (Male) |
| 8:05 | Queue | Villager (Male) |
| 8:14 | Build | House |
| 8:31 | Build | Barracks |
| 8:50 | Build | House |
| 9:34 | Build | Archery Range |
| 9:36 | Queue | Villager (Male) |
| 9:51 | Build | House |
| 10:17 | Build | Mining Camp |
| 10:39 | Queue | Villager (Male) |
| 10:42 | Research | Double-Bit Axe |
| 10:52 | Queue | Archer |
| 10:52 | Queue | Archer |
| 11:05 | Build | Farm |
| 11:17 | Queue | Villager (Male) |
| 11:17 | Queue | Villager (Male) |
| 11:29 | Build | Farm |
| 11:30 | Queue | Villager (Male) |
| 11:45 | Queue | Archer |
| 11:56 | Build | House |
| 12:02 | Queue | Villager (Male) |
| 12:04 | Queue | Archer |
| 12:22 | Build | Stable |
| 12:24 | Queue | Villager (Male) |
| 12:50 | Build | Palisade Wall |
| 12:55 | Build | Farm |
| 13:02 | Queue | Villager (Male) |
| 13:10 | Build | Farm |
| 13:11 | Queue | Villager (Male) |
| 13:16 | Queue | Archer |
| 13:24 | Build | House |
| 13:45 | Queue | Villager (Male) |
| 13:47 | Queue | Archer |
| 13:57 | Build | Farm |
| 14:00 | Build | House |
| 14:31 | Build | House |
| 14:33 | Queue | Villager (Male) |
| 15:05 | Build | Blacksmith |
| 15:07 | Queue | Villager (Male) |
| 15:08 | Queue | Villager (Male) |
| 15:20 | Queue | Villager (Male) |
| 15:23 | Queue | Archer |
| 15:23 | Queue | Archer |
| 15:31 | Build | Farm |
| 15:38 | Build | Farm |
| 15:51 | Build | Archery Range |
| 15:56 | Research | Fletching |
| 16:03 | Queue | Archer |
| 16:16 | Queue | Villager (Male) |
| 16:34 | Build | Farm |
| 16:34 | Build | Farm |
| 16:35 | Build | Farm |
| 16:37 | Queue | Villager (Male) |
| 16:54 | Build | House |
| 17:02 | Build | Palisade Wall |
| 17:04 | Queue | Villager (Male) |
| 17:18 | Queue | Archer |
| 17:21 | Build | Farm |
| 17:25 | Build | Farm |
| 17:27 | Build | Farm |
| 17:36 | Queue | Villager (Male) |
| 17:46 | Build | Palisade Gate |
| 17:48 | Build | Farm |
| 17:56 | Queue | Villager (Male) |
| 18:00 | Build | Farm |
| 18:06 | Build | House |
| 18:09 | Build | House |
| 18:34 | Research | Castle Age |
| 18:59 | Queue | Archer |
| 18:59 | Queue | Archer |
| 19:00 | Queue | Archer |
| 19:30 | Build | Stable |
| 19:36 | Build | House |
| 19:38 | Build | House |
| 19:40 | Queue | Villager (Male) |
| 19:55 | Build | Palisade Wall |
| 20:06 | Build | Farm |
| 20:09 | Build | Farm |
| 20:30 | Research | Bloodlines |
| 20:33 | Build | Farm |
| 20:34 | Build | Farm |
| 20:50 | Research | Scale Barding Armor |
| 21:16 | Queue | Villager (Male) |
| 21:19 | Queue | Knight ×5 |
| 21:31 | Research | Forging |
| 21:39 | Research | Forging |
| 21:40 | Queue | Villager (Male) |
| 21:43 | Build | Farm |
| 21:47 | Build | Farm |
| 22:05 | Research | Gold Mining |
| 22:07 | Queue | Knight |
| 22:14 | Build | Farm |
| 22:28 | Build | Farm |
| 22:28 | Queue | Villager (Male) |
| 22:29 | Queue | Villager (Male) |
| 22:31 | Queue | Knight |
| 22:32 | Queue | Knight |
| 22:38 | Build | Farm |
| 22:54 | Queue | Knight |
| 22:55 | Queue | Knight |
| 23:01 | Build | Farm |
| 23:08 | Build | Farm |
| 23:28 | Build | Farm |
| 23:33 | Queue | Villager (Male) |
| 23:33 | Queue | Villager (Male) |
| 23:34 | Queue | Villager (Male) |
| 23:55 | Queue | Knight |
| 23:55 | Queue | Knight |
| 24:16 | Build | Town Center |
| 24:18 | Queue | Villager (Male) |
| 24:21 | Queue | Knight |
| 24:21 | Queue | Knight |
| 24:34 | Build | Farm |
| 25:12 | Build | Monastery |
| 25:16 | Queue | Villager (Male) |
| 25:17 | Queue | Villager (Male) |
| 25:18 | Queue | Villager (Male) |
| 25:20 | Research | Husbandry |
| 25:21 | Queue | Knight |
| 25:21 | Queue | Knight |
| 25:22 | Queue | Knight |
| 25:26 | Build | Farm |
| 25:27 | Build | Farm |
| 25:30 | Queue | Villager (Male) |
| 25:30 | Queue | Villager (Male) |
| 25:41 | Queue | Villager (Male) |
Match timeline
| 7:34 | sultan99 · wall_segment Palisade Wall x5 |
| 7:47 | sultan99 · wall_segment Palisade Wall x2 |
| 7:48 | sultan99 · wall_segment Palisade Wall x3 |
| 7:50 | sultan99 · wall_segment Palisade Wall x6 |
| 8:31 | shwajackson · first_building Barracks |
| 9:34 | shwajackson · first_building Archery Range |
| 11:15 | sultan99 · wall_segment Palisade Wall x1 |
| 11:31 | sultan99 · wall_segment Palisade Wall x5 |
| 11:37 | sultan99 · wall_segment Palisade Wall x9 |
| 12:22 | shwajackson · first_building Stable |
| 12:50 | shwajackson · wall_segment Palisade Wall x8 |
| 14:03 | sultan99 · first_building Barracks |
| 17:02 | shwajackson · wall_segment Palisade Wall x17 |
| 19:55 | shwajackson · wall_segment Palisade Wall x4 |
| 24:06 | sultan99 · first_building Monastery |
| 24:11 | sultan99 · first_building Siege Workshop |
| 25:12 | shwajackson · first_building Monastery |
| 27:01 | shwajackson · wall_segment Palisade Wall x4 |
| 35:34 | shwajackson · first_building Castle |
| 40:28 | shwajackson · resign |
[ AI ANALYSIS · 1 CREDIT ]
What really happened in this match?
Wolo.gg analyzes every decision: build order, eco, micro, common mistakes by bracket. Personalized analysis on WhatsApp or Discord in 30 seconds.
Civ guide
Tupi
Perfil
Jugador #2453653